 Dungeon Crawl Stone Soup version 0.30.0-29-ga12c61a403 (webtiles) character file.

Game seed: 12167766905213444017

1512 jurchenman the Thaumaturge (level 8, -2/41 HPs)
             Began as a Deep Elf Fire Elementalist on June 8, 2023.
             Was a Follower of Vehumet.
             Slain by a gnoll sergeant
             ... wielding a +0 trident
              (12 damage)
             ... on level 7 of the Dungeon.
             The game lasted 00:20:54 (5978 turns).

jurchenman the Thaumaturge (DEFE)                   Turns: 5978, Time: 00:20:55

Health: -2/41      AC:  5    Str: 11    XL:     8   Next: 53%
Magic:  8/22       EV: 13    Int: 23    God:    Vehumet [*.....]
Gold:   321        SH:  0    Dex: 15    Spells: 16/23 levels left

rFire   . . .        e - +1 dagger
rCold   . . .        (no shield)
rNeg    . . .        a - +1 robe
rPois   .            (no helmet)
rElec   .            (no cloak)
rCorr   .            j - +1 pair of gloves
SInv    .            (no boots)
Will    +....        (no amulet)
Stlth   ++           i - +6 ring of strength
HPRegen 0.26/turn    q - ring of willpower
MPRegen 0.18/turn

%: no passive effects
@: no status effects
A: no striking features
a: Renounce Religion


You were on level 7 of the Dungeon.
You worshipped Vehumet.
Vehumet was aware of your devotion.
You visited 1 branch of the dungeon, and saw 7 of its levels.

You collected 321 gold pieces.

Inventory:

Hand Weapons
 c - a +0 short sword
 e - a +1 dagger (weapon)
Missiles
 d - 78 stones
 C - a throwing net
Armour
 a - a +1 robe (worn)
 j - a +1 pair of gloves (worn)
Jewellery
 i - a +6 ring of strength (left hand)
 q - a ring of willpower (right hand)
 y - a +6 ring of strength
 B - a ring of poison resistance
Wands
 u - a wand of digging (5)
 v - a wand of flame (25)
Scrolls
 g - 2 scrolls of blinking
 p - a scroll of fear
 r - a scroll of poison
 s - 4 scrolls of teleportation
 x - a scroll of fog
Potions
 b - 2 potions of magic
 f - a potion of attraction {unknown}
 h - a potion of mutation {unknown}
 k - a potion of cancellation {unknown}
 l - 3 potions of lignification {unknown}
 m - a potion of haste
 n - 4 potions of curing
 o - 5 potions of heal wounds {unknown}
 t - a potion of brilliance {unknown}
 w - a potion of resistance
 A - 2 potions of degeneration {unknown}


   Skills:
 + Level 4.3 Dodging
 - Level 2.4 Stealth
 + Level 8.3 Spellcasting
 + Level 6.4 Conjurations
 + Level 7.2 Fire Magic


You had 16 spell levels left.
You knew the following spells:

 Your Spells              Type           Power      Damage    Failure   Level
a - Foxfire               Conj/Fire      100%       2x1d9     1%          1
b - Scorch                Fire           86%        2d9       1%          2
c - Inner Flame           Hex/Fire       26%        N/A       4%          3
d - Magic Dart            Conj           100%       1d8       1%          1

Your spell library contained the following spells:

 Spells                   Type           Power      Damage    Failure   Level
 Shock                    Conj/Air       96%        1d9       1%          1
 Volatile Blastmotes      Fire/Tloc      52%        2d14      4%          3
 Flame Wave               Conj/Fire      41%        2d11      4%          4
 Hailstorm                Conj/Ice       24%        3d7       5%          3
 Freeze                   Ice            36%        1d5       7%          1
 Mephitic Cloud           Conj/Pois/Air  19%        N/A       9%          3
 Call Imp                 Summ           18%        N/A       10%         2
 Fulminant Prism          Conj/Hex       12%        3d8       19%         4
 Iskenderun's Mystic Bla  Conj/Tloc      24%        2d7       19%         4
 Frozen Ramparts          Ice            18%        1d3       21%         3
 Tukima's Dance           Hex            9%         N/A       21%         3
 Passage of Golubria      Tloc           9%         N/A       54%         4
 Lee's Rapid Deconstruct  Erth           4%         3d5*      88%         5
 Yara's Violent Unravell  Hex/Tmut       4%         3d4       88%         5


Dungeon Overview and Level Annotations

Branches:
Dungeon (7/15)
 Temple: D:4-7

Altars:
Fedhas
Sif Muna
Vehumet


Message History

The foxfire hits the gnoll sergeant but does no damage.
The gnoll sergeant is moderately wounded.
The gnoll hits you from afar with a +0 spear.
The gnoll sergeant misses you.
Casting: Scorch (safe; 1% risk of failure)
Confirm with . or Enter, or press ? or * to list all spells.
You conjure some foxfire!
The gnoll is no longer more vulnerable to fire.
The gnoll barely misses you. The gnoll sergeant closely misses you.
Casting: Foxfire (safe; 1% risk of failure)
Confirm with . or Enter, or press ? or * to list all spells.
Flames lash the gnoll sergeant.
The gnoll sergeant is moderately wounded.
The gnoll sergeant's fire resistance burns away.
The foxfire hits the howler monkey!
The howler monkey is heavily wounded.
The foxfire hits the howler monkey.
The howler monkey is severely wounded.
The howler monkey barely misses you. The gnoll hits you but does no damage.
The gnoll sergeant hits you from afar with a +0 trident!
Casting: Scorch (safe; 1% risk of failure)
Confirm with . or Enter, or press ? or * to list all spells.
You conjure some foxfire!
The howler monkey closely misses you.
A bullfrog comes into view.
The howler monkey hits you.
The gnoll hits you from afar with a +0 spear!
The gnoll sergeant closely misses you.
Casting: Foxfire (safe; 1% risk of failure)
Confirm with . or Enter, or press ? or * to list all spells.
Flames lash the howler monkey.
You kill the howler monkey!
Vehumet accepts your kill.
The foxfire hits the gnoll sergeant!
The gnoll sergeant is burned terribly!
The gnoll sergeant is severely wounded.
The foxfire hits the gnoll sergeant.
The gnoll sergeant is severely wounded.
The gnoll hits you from afar with a +0 spear!
* * * LOW HITPOINT WARNING * * *
The gnoll sergeant hits you from afar with a +0 trident!
You die...

# # ####. .#
..... ..#
...... ....
.§..)g####...?#
....Fgg§§.....#
#@§.....#
##.......
#...... #.....
..... .... ...
...


You could see a gnoll sergeant (combustible), a bullfrog and 2 gnolls.

Vanquished Creatures
  Sigmund (D:3)
  Eustachio (D:4)
  A black bear (D:5)
  2 ogres
  A centaur (D:5)
  A phantom (D:5)
  A kobold brigand (D:6)
  2 scorpions
  A howler monkey (D:7)
  4 hounds
  An orc priest (D:5)
  2 jellies
  2 iguanas
  An orc wizard (D:6)
  Natasha (thrice) (D:3)
  Ijyb (D:5)
  A gnoll (D:7)
  9 adders
  2 shadow imps
  A white imp (D:6)
  4 worms
  3 dart slugs
  13 orcs
  4 bats
  7 endoplasms
  7 giant cockroaches
  9 goblins
  14 hobgoblins
  5 jackals
  5 quokkas
  12 ball pythons
  2 frilled lizards
  12 kobolds
  2 rats
137 creatures vanquished.

Vanquished Creatures (others)
  252 foxfires
252 creatures vanquished.

Grand Total: 389 creatures vanquished

Notes
Turn   | Place    | Note
-------+----------+-------------------------------------------
     0 | D:1      | jurchenman the Deep Elf Fire Elementalist began the quest
                  | for the Orb.
     0 | D:1      | Reached XP level 1. HP: 10/10 MP: 6/6
    44 | D:1      | Found a faded altar of an unknown god.
   141 | D:1      | Reached XP level 2. HP: 15/15 MP: 4/8
   145 | D:1      | Learned a level 2 spell: Scorch
   621 | D:1      | Reached XP level 3. HP: 19/19 MP: 6/10
  1205 | D:2      | Reached skill level 4 in Spellcasting
  1459 | D:2      | Reached XP level 4. HP: 3/24 MP: 7/12
  1467 | D:2      | HP: 1/24 [hobgoblin (3)]
  2462 | D:3      | Noticed Sigmund
  2467 | D:3      | Killed Sigmund
  2468 | D:3      | Reached skill level 5 in Spellcasting
  2468 | D:3      | Reached skill level 5 in Fire Magic
  2468 | D:3      | Reached XP level 5. HP: 28/28 MP: 6/15
  2468 | D:3      | Reached XP level 6. HP: 32/32 MP: 6/16
  2683 | D:3      | Noticed Natasha
  2685 | D:3      | Killed Natasha
  3313 | D:3      | Noticed Natasha
  3316 | D:3      | Killed Natasha
  3333 | D:3      | Noticed Natasha
  3343 | D:3      | Killed Natasha
  3395 | D:4      | Noticed Eustachio
  3441 | D:4      | Reached skill level 6 in Spellcasting
  3672 | D:4      | You fall into a shaft and drop 2 floors!
  3679 | D:5      | Entered Level 5 of the Dungeon
  3782 | D:4      | Killed Eustachio
  3783 | D:4      | Reached XP level 7. HP: 35/36 MP: 8/18
  3865 | D:4      | Found a shimmering blue altar of Sif Muna.
  3865 | D:4      | Found a radiant altar of Vehumet.
  3868 | D:4      | Became a worshipper of Vehumet
  4230 | D:5      | Noticed Ijyb
  4259 | D:5      | Reached skill level 5 in Conjurations
  4268 | D:5      | Killed Ijyb
  4409 | D:5      | Reached skill level 7 in Spellcasting
  4820 | D:5      | Reached XP level 8. HP: 41/41 MP: 14/21
  5462 | D:6      | Reached skill level 8 in Spellcasting
  5511 | D:6      | Learned a level 3 spell: Inner Flame
  5512 | D:6      | Found a blossoming altar of Fedhas.
  5553 | D:6      | Learned a level 1 spell: Magic Dart
  5681 | D:6      | Reached * piety under Vehumet
  5681 | D:6      | Offered knowledge of Shock by Vehumet.
  5978 | D:7      | Slain by a gnoll sergeant

Illustrated notes

Levels and vault maps discovered:
D:1:      heliophobic_arrival_henge, layout_basic,
          ebering_ecumenical_altar_ruins
D:2:      layout_basic, minmay_bisected
D:3:      layout_basic, hangedman_decor_diamond_cutter, uniq_sigmund,
          uniq_natasha
D:4:      layout_rooms, gammafunk_temple_overflow_elements, uniq_eustachio
D:5:      layout_basic, uniq_ijyb
D:6:      layout_basic, lemuel_tele_altar, kennysheep_generic_room_13
D:7:      cheibrodos_iron_armory, layout_rooms,
          nicolae_qazlal_scattered_showers, makhleb_grotto_becter,
          temple_statues, nicolae_ossuary_entry_giza, palyth_stone_intersect,
          chequers_serial_rivers_small_b

Skill      XL: |  1  2  3  4  5  6  7  8 |
---------------+-------------------------+-----
Conjurations   | 2 3 4 5 6 |  6.4
Fire Magic     | 4 5 6 7 |  7.2
Spellcasting   | 4 5 6 7 8 |  8.3
Dodging        | 3 4 |  4.3
Stealth        | |  2.4

Action                     |  1- 3 |  4- 6 |  7- 9 || total
---------------------------+-------+-------+-------++-------
  Melee: Dagger            |    63 |    40 |    15 ||   118
         Short sword       |     1 |       |       ||     1
   Cast: Foxfire           |    35 |    58 |    50 ||   143
         Scorch            |     2 |    17 |    39 ||    58
         Magic Dart        |       |       |    14 ||    14
         Inner Flame       |       |       |     1 ||     1
    Use: Scroll            |     2 |     7 |     7 ||    16
   Stab: Sleeping          |     6 |     5 |       ||    11
 Armour: Robe              |    12 |     7 |    13 ||    32
  Dodge: Dodged            |    49 |    29 |    42 ||   120
